 Dungeon Crawl Stone Soup version 0.30-a0-422-g946f4849ff (webtiles) character file.

Game seed: 18270481776897897692

175 lunkers the Cutter (level 6, -7/51 HPs)
             Began as a Meteoran Fighter on Dec 8, 2022.
             Mangled by an ice beast (8 damage)
             ... on level 5 of the Dungeon.
             The game lasted 00:04:22 (1201 turns).

lunkers the Cutter (Meteoran Fighter)               Turns: 1201, Time: 00:04:22

Health: -7/51      AC:  8    Str: 25    XL:     6   Next: 11%
Magic:  7/7        EV:  9    Int: 10    God:
Gold:   108        SH:  5    Dex: 14    Spells: 5/5 levels left

rFire   . . .      SeeInvis .    a - +0 rapier
rCold   . . .      Faith    .    c - +0 buckler
rNeg    . . .      Spirit   .    b - +0 scale mail
rPois   .          Reflect  .    (no helmet)
rElec   .          Harm     .    g - +0 cloak
rCorr   .          Rampage  .    (no gloves)
Will    .....                    (no boots)
Stlth   ..........               (no amulet)
HPRegen 0.28/turn                t - +6 ring of strength
MPRegen 0.10/turn                (no ring)

@: glowing
A: sense surroundings 1, otherworldly, glowing, explore regen
a: no special abilities


You were on level 5 of the Dungeon.
You visited 1 branch of the dungeon, and saw 5 of its levels.

You collected 108 gold pieces.

Inventory:

Hand Weapons
 a - a +0 rapier (weapon)
Armour
 b - a +0 scale mail (worn)
 c - a +0 buckler (worn)
 g - a +0 cloak (worn)
Jewellery
 t - a +6 ring of strength (left hand)
Wands
 q - a wand of charming (8)
Scrolls
 f - 4 scrolls of vulnerability {unknown}
 h - a scroll of amnesia {unknown}
 i - a scroll of magic mapping {unknown}
 k - 3 scrolls of identify {unknown}
 n - 2 scrolls of noise {unknown}
 o - a scroll of enchant armour {unknown}
 p - a scroll of teleportation {unknown}
Potions
 d - a potion of might
 e - 2 potions of haste {unknown}
 j - 2 potions of degeneration {unknown}
 l - a potion of cancellation {unknown}
 m - a potion of mutation {unknown}
 r - a potion of curing {unknown}
 s - a potion of attraction {unknown}
 u - a potion of magic {unknown}


   Skills:
 - Level 3.2 Fighting
 + Level 6.1 Short Blades
 - Level 3.6 Armour
 - Level 3.6 Shields


You had 5 spell levels left.
You didn't know any spells.
Your spell library was empty.

Dungeon Overview and Level Annotations

Branches:
Dungeon (5/15) Zot: 1796
 Temple: D:4-7

Altars:


Innate Abilities, Weirdness & Mutations

You passively map a small area around you.
You are easily found by Zot.
You glow in the dark.
You regain HP and MP as you explore.


Message History

The hound bites you but does no damage. The white imp hits you.
The white imp freezes you.
You hit the hound.
You kill the hound!
The white imp gestures at you. The puff of frost hits you!
Your Short Blades skill increases to level 6!
You have reached level 6!
You feel agile.
You hit the white imp.
The white imp is moderately wounded.
The white imp gestures at you. The puff of frost hits you!
* * * LOW HITPOINT WARNING * * *
You hit the white imp.
The white imp is almost dead.
The white imp gestures at you. The puff of frost hits you!
* * * LOW HITPOINT WARNING * * *
You hit the white imp but do no damage.
The white imp is almost dead.
The white imp gestures at you.
The puff of frost hits you but does no damage.
You hit the white imp.
You kill the white imp!
You hit the ice beast.
The ice beast is lightly wounded.
You block the ice beast's attack.
You hit the ice beast but do no damage.
The ice beast is lightly wounded.
The ice beast hits you.
* * * LOW HITPOINT WARNING * * *
The ice beast freezes you!
* * * LOW HITPOINT WARNING * * *
You barely miss the ice beast.
The ice beast is lightly wounded.
The ice beast hits you.
* * * LOW HITPOINT WARNING * * *
The ice beast freezes you!
You die...

........^..........#
, **#..........#.##
, ##........#### ,,
..........# ,,, ,
........##
.###.....# , ,*
##...## * ##....## *
,*, ,#@.....#
.......Y.....# ,
.........#....#
.........#$..## ,
..........##..# , ,
........... ..#* *
........##. ,..
...:...## .. , *


You could see an ice beast.

Vanquished Creatures
  2 hounds
  Natasha (D:3)
  A gnoll (D:1)
  3 adders
  A white imp (D:5)
  An ufetubus (D:5)
  2 dart slugs (D:4)
  3 ball pythons (D:2)
  3 endoplasms
  3 giant cockroaches
  2 hobgoblins
  2 kobolds
  3 quokkas
  2 bats (D:2)
  3 frilled lizards
  3 goblins
  7 rats
42 creatures vanquished.

Vanquished Creatures (others)
  A plant (D:1)
1 creature vanquished.

Grand Total: 43 creatures vanquished

Notes
Turn   | Place    | Note
-------+----------+-------------------------------------------
     0 | D:1      | lunkers the Meteoran Fighter began the quest for the Orb.
     0 | D:1      | Reached XP level 1. HP: 19/19 MP: 2/2
    28 | D:1      | Reached skill level 3 in Short Blades
    28 | D:1      | Reached XP level 2. HP: 5/26 MP: 3/3
   172 | D:2      | Reached XP level 3. HP: 27/31 MP: 4/4
   414 | D:2      | Reached skill level 4 in Short Blades
   453 | D:2      | Reached XP level 4. HP: 34/38 MP: 5/5
   727 | D:3      | Noticed Natasha
   740 | D:3      | Killed Natasha
   754 | D:3      | Reached skill level 5 in Short Blades
   757 | D:3      | Reached XP level 5. HP: 36/45 MP: 6/6
  1125 | D:5      | Entered Level 5 of the Dungeon
  1191 | D:5      | Noticed an ice beast
  1195 | D:5      | Reached skill level 6 in Short Blades
  1195 | D:5      | Reached XP level 6. HP: 35/51 MP: 7/7
  1201 | D:5      | HP: 1/51 [ice beast (4)]
  1201 | D:5      | Mangled by an ice beast

Illustrated notes

Levels and vault maps discovered:
D:1:      grunt_arrival_lava_bath, layout_basic, serial_forest,
          infiniplex_forest_clump_double, infiniplex_forest_lined_2,
          infiniplex_forest_corner_1, infiniplex_forest_straight_1,
          infiniplex_forest_lined_room_3, infiniplex_forest_straight_4,
          infiniplex_forest_straight_4,
          dreamdust_ecumenical_altar_drowned_temple
D:2:      layout_loops_ring, minmay_door_square
D:3:      layout_basic, minmay_misc_feat_square, chequers_serial_rivers_micro_b,
          st_stairs_13, uniq_crazy_yiuf_cottage, uniq_ijyb, uniq_natasha
D:4:      layout_layer_cave, temple_hall
D:5:      layout_cave_pools, mainiacjoe_overflow_alcove_2,
          lemuel_coloured_pillars_altar, serial_shops, shop

Skill      XL: |  1  2  3  4  5 |
---------------+----------------+-----
Short Blades   | 3 4 5 6 |  6.1
Fighting       | |  3.2
Armour         | |  3.6
Shields        | |  3.6

Action                   |  1- 3 |  4- 6 || total
-------------------------+-------+-------++-------
Melee: Rapier            |    65 |   126 ||   191
Armor: Scale mail        |    24 |    75 ||    99
Dodge: Dodged            |    27 |    39 ||    66
Block: Buckler           |    23 |    33 ||    56

Table legend: (Time is in decaauts)
 A = Elapsed time spent in this place.
 B = Non-inter-level travel time spent in this place.
 C = Inter-level travel time spent in this place.
 D = Time resting spent in this place.
 E = Time spent auto-exploring this place.
 F = Levels seen in this place.
 G = Mean time per level.
                   A        B        C        D        E       F      G
               +--------+--------+--------+--------+--------+-----+--------+
         Total |   1202 |   1194 |      8 |      0 |    818 |   5 |  240.4 |
       Dungeon |   1202 |   1194 |      8 |      0 |    818 |   5 |  240.4 |
               +--------+--------+--------+--------+--------+-----+--------+

Top non-repeatable levels by time:
     D:2: 499 daAuts
     D:4: 281 daAuts
     D:3: 179 daAuts
     D:1: 169 daAuts
     D:5: 73 daAuts
